 Dungeon Crawl Stone Soup version 0.26-a0-812-g31a745ddcd (webtiles) character file.

Game seed: 11851755136099030215

231 kae the Ruffian (level 5, -2/41 HPs)
             Began as a Draconian Transmuter on Dec 4, 2020.
             Slain by Grinder (4 damage)
             ... while paralysed by Grinder
             ... on level 3 of the Dungeon.
             The game lasted 00:03:36 (3893 turns).

kae the Ruffian (Draconian Transmuter)              Turns: 3893, Time: 00:03:37

Health: -2/41      AC:  2    Str: 14    XL:     5   Next: 72%
Magic:  5/9        EV:  5    Int: 13    God:
Gold:   130        SH:  0    Dex: 16    Spells: 5/9 levels left

rFire    . . .     SeeInvis .     - Unarmed
rCold    . . .     Faith    .   (shield currently unavailable)
rNeg     . . .     Spirit   .   (armour unavailable)
rPois    x         Reflect  .   (helmet currently unavailable)
rElec    .         Harm     .   (cloak currently unavailable)
rCorr    .         Rampage  .   (gloves currently unavailable)
MR       .....                  (boots currently unavailable)
Stlth    +.........             (no amulet)
HPRegen  0.13/turn              (no ring)
MPRegen  0.11/turn              (no ring)

@: paralysed, spider-form (expiring)
A: tiny, unfitting armour, AC +5
a: End Transformation


You were on level 3 of the Dungeon.
You were a venomous arachnid creature.
You visited 1 branch of the dungeon, and saw 3 of its levels.

You collected 130 gold pieces.

Inventory:

Armour
 h - a +0 pair of gloves (melded)
 j - a +0 pair of boots (melded)
Jewellery
 b - an uncursed ring of wizardry {unknown}
 e - an uncursed ring of see invisible
Wands
 k - a wand of disintegration (14)
Scrolls
 c - 6 scrolls of identify
 f - 2 scrolls of amnesia
 i - 4 scrolls of remove curse
 l - 2 scrolls of random uselessness {unknown}
Potions
 a - a potion of curing
 d - 2 potions of might {unknown}
 g - a potion of lignification {unknown}
 m - a potion of cancellation {unknown}


   Skills:
 + Level 2.2 Fighting
 + Level 2.6 Dodging
 * Level 4.2 Unarmed Combat
 + Level 2.7 Spellcasting
 * Level 3.4 Transmutations
 * Level 1.1 Poison Magic


You had 5 spell levels left.
You knew the following spells:

 Your Spells              Type           Power        Failure   Level
a - Beastly Appendage     Tmut           ##....       16%         1
b - Spider Form           Tmut/Pois      #.........   47%         3

Your spell library contained the following spells:

 Spells                   Type           Power        Failure   Level
 Wereblood                Tmut           ##......     22%         2
 Ice Form                 Ice/Tmut       #.......     89%         4
 Blade Hands              Tmut           ##........   94%         5


Dungeon Overview and Level Annotations

Branches:
Dungeon (3/15)

Altars:

Annotations:
D:2 Sigmund
D:3 Grinder


Innate Abilities, Weirdness & Mutations

((Your plain brown scales are hard. (AC +5)))
You cannot fit into any form of body armour.
((You are cold-blooded and may be slowed by cold attacks.))


Message History

Grinder is lightly wounded.
Grinder gestures at you. Pain shoots through your body!
You are too injured to fight recklessly!
You completely miss Grinder.
Grinder is lightly wounded.
Grinder gestures at you. Pain shoots through your body!
* * * LOW HITPOINT WARNING * * *
You hit Grinder.
Grinder is moderately wounded.
Grinder hits you but does no damage.
You hit Grinder but do no damage.
Grinder is moderately wounded.
Grinder gestures at you.
You suddenly lose the ability to move!
Grinder hits you.
* * * LOW HITPOINT WARNING * * *
You writhe in agony.
You die...

..... #.#
#.#.##.# #.#
.#...##.#
#......# #.#
.... ..#
#.###..# #.# #
### #.# #..# ..
#.###..#
#......#
#.#.##.#
#......# .
##s.####
....####..5####
....'...........
....####...#####
. ##..# ##.# ..#
#.# .#


You could see Grinder (extremely poisoned).

Vanquished Creatures
  An orc priest (D:3)
  Terence (D:3)
  Ijyb (D:3)
  7 adders
  A shadow imp (D:2)
  3 dart slugs (D:1)
  4 worms
  2 leopard geckos
  An orc (D:3)
  2 giant cockroaches (D:1)
  9 goblins
  6 hobgoblins
  9 kobolds
  A quokka (D:2)
  2 ball pythons
  7 bats
  3 frilled lizards
  7 rats
67 creatures vanquished.

Vanquished Creatures (others)
  5 plants (D:2)
5 creatures vanquished.

Grand Total: 72 creatures vanquished

Notes
Turn   | Place    | Note
-------+----------+-------------------------------------------
     0 | D:1      | kae the Draconian Transmuter began the quest for the Orb.
     0 | D:1      | Reached XP level 1. HP: 16/16 MP: 3/3
   522 | D:1      | Reached XP level 2. HP: 23/23 MP: 3/5
  1011 | D:1      | Reached XP level 3. HP: 28/28 MP: 6/6
  1591 | D:2      | Noticed Sigmund
  1626 | D:3      | Learned a level 3 spell: Spider Form
  1821 | D:2      | Reached XP level 4. HP: 24/36 MP: 3/7
  3242 | D:3      | Noticed an orc warrior
  3506 | D:3      | Reached skill level 4 in Unarmed Combat
  3506 | D:3      | Reached XP level 5. HP: 41/41 MP: 4/8
  3567 | D:3      | Noticed Terence
  3571 | D:3      | Killed Terence
  3769 | D:3      | Reached skill level 1 in Poison Magic
  3777 | D:3      | Noticed Ijyb
  3795 | D:3      | Killed Ijyb
  3870 | D:3      | Noticed Grinder
  3879 | D:3      | Paralysed by Grinder for 5 turns
  3892 | D:3      | Paralysed by Grinder for 5 turns
  3893 | D:3      | HP: 2/41 [Grinder (6)]
  3893 | D:3      | Slain by Grinder

Illustrated notes

Levels and vault maps discovered:
D:1:      dpeg_arrival_morbid_curiosity, layout_basic
D:2:      layout_rooms, serial_forest, infiniplex_forest_straight_2,
          infiniplex_forest_end_1, infiniplex_forest_clump_double,
          infiniplex_forest_straight_3, infiniplex_forest_clump_diagonal,
          infiniplex_forest_zigzag_1, uniq_sigmund
D:3:      layout_loops_corners, fountainhead, uniq_grinder, uniq_terence,
          uniq_ijyb

Skill      XL: |  1  2  3  4  5 |
---------------+----------------+-----
Dodging        | 2 |  2.6
Transmutations | 3 |  3.4
Fighting       | 2 |  2.2
Unarmed Combat | 4 |  4.2
Poison Magic   | 1 |  1.1
Spellcasting   | |  2.7

Action                   |  1- 3 |  4- 6 || total
-------------------------+-------+-------++-------
Melee: Unarmed           |   113 |   110 ||   223
       Kick              |    13 |    16 ||    29
       Tailslap          |    10 |     6 ||    16
       Headbutt          |     6 |     4 ||    10
       Punch             |     2 |     2 ||     4
 Cast: Beastly Appendage |    21 |    16 ||    37
       Spider Form       |     1 |     6 ||     7
  Use: Scroll            |     5 |     2 ||     7
 Stab: Sleeping          |     1 |       ||     1
Armor: Skin              |    52 |    20 ||    72
Dodge: Dodged            |   113 |    92 ||   205

Table legend: (Time is in decaauts)
 A = Elapsed time spent in this place.
 B = Non-inter-level travel time spent in this place.
 C = Inter-level travel time spent in this place.
 D = Time resting spent in this place.
 E = Time spent auto-exploring this place.
 F = Levels seen in this place.
 G = Mean time per level.
                   A        B        C        D        E       F      G
               +--------+--------+--------+--------+--------+-----+--------+
         Total |   3881 |   3817 |     64 |    759 |   2426 |   3 | 1293.7 |
       Dungeon |   3881 |   3817 |     64 |    759 |   2426 |   3 | 1293.7 |
               +--------+--------+--------+--------+--------+-----+--------+

Top non-repeatable levels by time:
     D:1: 1372 daAuts
     D:2: 1306 daAuts
     D:3: 1201 daAuts
